 Dungeon Sprint DCSS version 0.28.0-53-g5a82cb258f (webtiles) character file.

Game seed: 15005564423821081524

745 Zeld the Cleaver (level 7, -11/70 HPs)
             Began as a Minotaur Berserker on June 15, 2022.
             Was an Elder of Trog.
             Mangled by a two-headed ogre
             ... wielding a +0 giant club
              (20 damage)
             ... in the Dungeon (Sprint IX: "|||||||||||||||||||||||||||||").
             The game lasted 00:00:29 (457 turns).

Zeld the Cleaver (Minotaur Berserker)                Turns: 457, Time: 00:00:29

Health: -11/70     AC:  5    Str: 24    XL:     7   Next: 47%
Magic:  6/6        EV: 14    Int:  4    God:    Trog [****..]
Gold:   0          SH:  0    Dex:  9    Spells: 6/6 levels left

rFire   . . .      SeeInvis .   a - +3 war axe (elec)
rCold   . . .      Faith    .   (no shield)
rNeg    . . .      Spirit   .   b - +0 animal skin
rPois   .          Reflect  .   (helmet restricted)
rElec   .          Harm     .   k - +0 cloak
rCorr   .          Rampage  .   l - +0 pair of gloves
Will    .....      NoTele   +   (no boots)
Stlth   +.........              (no amulet)
HPRegen 0.21/turn               (no ring)
MPRegen 0.10/turn               (no ring)

@: on berserk cooldown, slowed, very slow
A: horns 2, retaliatory headbutt
a: Renounce Religion, Berserk, Trog's Hand, Brothers in Arms


You were in the Dungeon.
You worshipped Trog.
Trog was greatly pleased with you.
You visited 1 branch

Inventory:

Hand Weapons
 a - a +3 war axe of electrocution (weapon)
Armour
 b - a +0 animal skin (worn)
 k - a +0 cloak (worn)
 l - a +0 pair of gloves (worn)
Jewellery
 m - a +3 ring of dexterity
 n - a +3 ring of intelligence
Wands
 j - a wand of acid (10)
Scrolls
 h - 2 scrolls of blinking
Potions
 c - 5 potions of curing
 d - 3 potions of heal wounds
 e - a potion of haste
 f - 4 potions of magic
 g - a potion of berserk rage
 i - a potion of invisibility


   Skills:
 + Level 9.6 Fighting
 * Level 12.9 Axes
 + Level 9.2 Armour
 + Level 8.4 Dodging


You had 6 spell levels left.
You didn't know any spells.
Your spell library was empty.

Dungeon Overview and Level Annotations

Branches:
Dungeon (1/1)

Altars:
Cheibriados
Dithmenos
Elyvilon
Fedhas
Gozag
Hepliaklqana
Kikubaaqudgha
Makhleb
Nemelex Xobeh
Okawaru
Qazlal
Ru
Sif Muna
Trog
Uskayaw
Vehumet
Wu Jian
Xom
Yredelemnul
Zin
The Shining One
Beogh
Jiyva
Lugonu


Innate Abilities, Weirdness & Mutations

You have a pair of horns on your head.
You reflexively headbutt those who attack you in melee.


Message History

Your Dodging skill increases to level 8!
You have reached level 7!
The yak gores you.
Things that are here:
a +0 vampiric glaive; a +0 chain mail You slash the yak!
The yak is moderately wounded.
The yak misses you.
Unknown command.
You slash the yak!
The yak is heavily wounded.
You slice the yak!!
You kill the yak!
Trog accepts your kill.
Your Armour skill increases to level 9!
Unknown command.
You barely miss the two-headed ogre.
Your headbutt misses the two-headed ogre.
The wight misses you.
The two-headed ogre hits you with a +0 giant club!!
The two-headed ogre hits you with a +0 giant club!
You hit the two-headed ogre.
Your headbutt misses the two-headed ogre.
The two-headed ogre is lightly wounded.
Unknown command.
You slash the two-headed ogre!
Lightning courses through the two-headed ogre!
The two-headed ogre is moderately wounded.
You are no longer berserk.
You are exhausted.
You feel yourself slow down. The wight closely misses you.
Unknown command.
You slash the two-headed ogre!
Lightning courses through the two-headed ogre!
Your headbutt misses the two-headed ogre.
The two-headed ogre is almost dead.
The two-headed ogre hits you with a +0 giant club!
* * * LOW HITPOINT WARNING * * *
The two-headed ogre hits you with a +0 giant club!!
You die... ▓▓▓▓▓▓▓▓▓▓▓▓▓▓▓▓▓▓▓▓▓▓▓ +..{zO@'..[..))?.'_____ ▓▓▓▓▓▓▓▓▓▓▓▓▓▓▓▓▓▓▓▓▓▓▓

You could see a two-headed ogre and a wight.

Vanquished Creatures
  An unseen horror (D)
  A yak (D)
  A black bear (D)
  An orc warrior (D)
  An ogre (D)
  A hound (D)
  A jelly (D)
  An iguana (D)
  A dart slug (D)
  A bat (D)
  An endoplasm (D)
  2 rats (D)
13 creatures vanquished.

Notes
Turn   | Place    | Note
-------+----------+-------------------------------------------
     0 | D        | Zeld the Minotaur Berserker began the quest for the Orb.
     0 | D        | Reached XP level 1. HP: 19/19 MP: 0/0
     7 | D        | Reached skill level 4 in Axes
     8 | D        | Reached ** piety under Trog
    96 | D        | Noticed a jelly
    96 | D        | Noticed an ogre
    96 | D        | Noticed a hound
    96 | D        | Noticed a black bear
    96 | D        | Noticed an iguana
   100 | D        | Killed an iguana
   101 | D        | Reached skill level 5 in Axes
   101 | D        | Reached XP level 2. HP: 27/28 MP: 1/1
   101 | D        | Reached XP level 3. HP: 33/35 MP: 2/2
   104 | D        | Killed a black bear
   104 | D        | Reached *** piety under Trog
   105 | D        | Reached skill level 8 in Axes
   105 | D        | Reached skill level 5 in Armour
   105 | D        | Reached skill level 5 in Dodging
   105 | D        | Reached XP level 4. HP: 23/44 MP: 3/3
   108 | D        | Reached XP level 5. HP: 22/51 MP: 4/4
   111 | D        | Killed an ogre
   112 | D        | Reached skill level 9 in Axes
   113 | D        | Reached skill level 10 in Axes
   113 | D        | Reached XP level 6. HP: 7/60 MP: 5/5
   381 | D        | Found a snail-covered altar of Cheibriados.
   381 | D        | Found a shadowy altar of Dithmenos.
   381 | D        | Found a white marble altar of Elyvilon.
   381 | D        | Found a blossoming altar of Fedhas.
   381 | D        | Found an opulent altar of Gozag.
   382 | D        | Found a hazy altar of Hepliaklqana.
   383 | D        | Found a viscous altar of Jiyva.
   384 | D        | Found an ancient bone altar of Kikubaaqudgha.
   385 | D        | Found a corrupted altar of Lugonu.
   386 | D        | Found a burning altar of Makhleb.
   387 | D        | Found a sparkling altar of Nemelex Xobeh.
   388 | D        | Found an iron altar of Okawaru.
   389 | D        | Found a stormy altar of Qazlal.
   390 | D        | Found a sacrificial altar of Ru.
   391 | D        | Found a shimmering blue altar of Sif Muna.
   392 | D        | Found a bloodstained altar of Trog.
   393 | D        | Found a hide-covered altar of Uskayaw.
   394 | D        | Found a radiant altar of Vehumet.
   395 | D        | Found an ornate altar of the Wu Jian Council.
   396 | D        | Found a shimmering altar of Xom.
   397 | D        | Found a basalt altar of Yredelemnul.
   398 | D        | Found a glowing silver altar of Zin.
   399 | D        | Found a glowing golden altar of the Shining One.
   444 | D        | Noticed a vampire
   444 | D        | Noticed a two-headed ogre
   444 | D        | Noticed a yak
   444 | D        | Noticed an orc warrior
   448 | D        | Killed an orc warrior
   449 | D        | Killed an unseen horror
   449 | D        | Reached **** piety under Trog
   450 | D        | Reached skill level 12 in Axes
   450 | D        | Reached XP level 7. HP: 69/70 MP: 6/6
   453 | D        | Killed a yak
   457 | D        | Mangled by a two-headed ogre

Illustrated notes

Levels and vault maps discovered:
D:        linesprint [early_d, line_temple, items_1, d_10, items_2, lair_1,
          lair_end, items_3, orc_1, orc_end, items_4, d_15, swamp_1, shoals_1,
          snake_1, spider_1, d_20, vaults_1, items_5, swamp_end, shoals_end,
          snake_end, spider_end, vaults_end, d_27, items_6, zot_1, zot_end,
          crypt_end, forest_end, elf_end, slime_end, tomb_end, abyss_end,
          pan_hell_end]

Skill      XL: |  1  2  3  4  5  6  7 |
---------------+----------------------+-----
Axes           | 5 8 10 12 | 12.9
Fighting       | 4 6 7 9 |  9.6
Armour         | 4 5 6 7 8 9 |  9.2
Dodging        | 3 5 6 8 |  8.4

Action                   |  1- 3 |  4- 6 |  7- 9 || total
-------------------------+-------+-------+-------++-------
Melee: Hand axe          |    12 |     7 |       ||    19
       Headbutt          |     2 |     2 |       ||     4
       War axe           |       |     3 |     7 ||    10
       Punch             |       |     1 |       ||     1
Invok: Berserk           |     1 |     1 |       ||     2
Armor: Animal skin       |       |     1 |       ||     1
Dodge: Dodged            |     9 |     2 |     3 ||    14
